 Dungeon Crawl Stone Soup version 0.32-a0-876-gcfddb08e57 (webtiles) character file.

Game seed: 8362066706735168198

78978 TacoSundae the Lord of Darkness (level 15, -1/115 HPs)
             Began as a Demonspawn Necromancer on Apr 1, 2024.
             Was the Champion of Kikubaaqudgha.
             Slain by a centaur warrior
             ... wielding the +2 rapier "Kivi Tuff" {freeze, *Rage rPois Will+ Str+5}
              (4 damage)
             ... on level 13 of the Dungeon.
             The game lasted 02:11:52 (17609 turns).

TacoSundae the Lord of Darkness (DsNe)             Turns: 17609, Time: 02:11:56

Health: -1/115     AC: 14    Str: 10    XL:     15   Next: 19%
Magic:  0/39       EV: 10    Int: 22    God:    Kikubaaqudgha [******]
Gold:   2639       SH:  5    Dex: 13    Spells: 9/36 levels left

rFire   . . .        a - staff of Destiny {rC+ rN+ Stlth+ Necro Fire}
rCold   + . .        e - +0 buckler
rNeg    + . .        g - +0 robe "Wuckesol" {rElec rCorr Archmagi}
rPois   +            q - +2 helmet
rElec   +            A - +2 cloak
rCorr   +            (gloves unavailable)
SInv    .            L - +0 pair of boots
Will    +....        d - amulet of magic regeneration
Stlth   +++          o - ring of magical power
HPRegen 0.39/turn    m - ring "Ziheluc" {+Blink rElec rPois}
MPRegen 0.92/turn

%: guardian spirit, archmagi
@: no status effects
A: claws 3, yellow scales 2, powered by pain 1, robust 1, magic shield, magic
regeneration
a: Renounce Religion, Evoke Blink, Unearth Wretches, Torment


You were on level 13 of the Dungeon.
You worshipped Kikubaaqudgha.
Kikubaaqudgha was exalted by your worship.
You visited 3 branches of the dungeon, and saw 20 of its levels.
You also visited: Ice Cave.

You collected 2639 gold pieces.

Inventory:

Hand Weapons
 b - a +2 whip of electrocution
Missiles
 y - 2 curare-tipped darts
Armour
 e - a +0 buckler (worn)
 g - the +0 robe "Wuckesol" (worn) {rElec rCorr Archmagi}
   (You found it on level 13 of the Dungeon)

   rElec:     It insulates you from electricity.
   rCorr:     It protects you from acid and corrosion.
   Archmagi:  It increases the power of your magical spells.
 q - a +2 helmet (worn)
 A - a +2 cloak (worn)
 I - +0 acid dragon scales
 L - a +0 pair of boots (worn)
Magical Staves
 a - the staff of Destiny (weapon) {rC+ rN+ Stlth+ Necro Fire}
   (You acquired it on level 8 of the Dungeon)

   [staff of death]

   Base accuracy: +5 Base damage: 5 Base attack delay: 1.2 This weapon's minimum
   attack delay (0.6) is reached at skill level 12.
   rC+:       It protects you from cold.
   rN+:       It protects you from negative energy.
   Stlth+:    It makes you more stealthy.
   Necro:     It increases the power of your Necromancy spells.
   Fire:      It increases the power of your Fire spells.
   It falls into the 'Staves' category.
   It is a one-handed weapon.
 i - a staff of cold
Jewellery
 d - an amulet of magic regeneration (around neck)
 l - a ring of wizardry
 m - the ring "Ziheluc" (right claw) {+Blink rElec rPois}
   (You found it on level 6 of the Dungeon)

   [ring of poison resistance]

   rElec:     It insulates you from electricity.
   rPois:     It protects you from poison.
   +Blink:    It lets you blink.
 o - a ring of magical power (left claw)
 E - a +4 ring of protection
 F - the ring of Watasmay {Dex+2 SInv}
   (You found it on level 11 of the Dungeon)

   [ring of see invisible]

   Dex+2:     It affects your dexterity (+2).
   SInv:      It lets you see invisible.
 P - a ring of ice
 Q - a +6 ring of dexterity
 T - a +5 ring of evasion
Wands
 n - a wand of flame (47)
 w - a wand of paralysis (17)
 z - a wand of mindburst (11)
 C - a wand of warping (8)
 M - a wand of acid (1)
Scrolls
 h - 3 scrolls of revelation
 k - 8 scrolls of teleportation
 p - 2 scrolls of torment
 s - 3 scrolls of fog
 v - 5 scrolls of identify
 x - 2 scrolls of amnesia
 B - 2 scrolls of immolation
 G - 3 scrolls of blinking
 J - 2 scrolls of poison
 K - a scroll of summoning
 R - 2 scrolls of enchant weapon
Potions
 c - 3 potions of attraction
 f - 2 potions of haste
 j - 8 potions of curing
 r - 3 potions of magic
 t - a potion of ambrosia
 u - 2 potions of enlightenment
 D - a potion of brilliance
 H - 2 potions of lignification
Miscellaneous
 O - a phial of floods
 S - a box of beasts


   Skills:
 - Level 6.0 Fighting
 - Level 3.1(6.9) Maces & Flails
 - Level 9.7(10.0) Staves
 - Level 9.6 Armour
 - Level 1.9 Dodging
 - Level 2.0 Stealth
 - Level 4.7 Shields
 + Level 11.4 Spellcasting
 + Level 5.9 Summonings
 + Level 16.7 Necromancy
 - Level 8.0 Evocations


You had 9 spell levels left.
You knew the following spells:

 Your Spells              Type           Power      Damage    Failure   Level
a - Necrotise             Necr           100%       1d9       0%          1
b - Vampiric Draining     Necr           100%       2d13      1%          3
c - Animate Dead          Necr           100%       N/A       1%          4
d - Dispel Undead         Necr           100%       3d31      1%          4
e - Sublimation of Blood  Necr           100%       N/A       0%          2
f - Cigotuvi's Dreadful   Necr/Alch/Air  100%       N/A       1%          2
g - Death Channel         Necr           57%        N/A       1%          6
h - Borgnjor's Vile Clut  Necr/Erth      42%        N/A       7%          5

Your spell library contained the following spells:

 Spells                   Type           Power      Damage    Failure   Level
 Kiss of Death            Conj/Necr      100%       2d13      1%          1
 Fugue of the Fallen      Necr           100%       N/A       1%          3
 Martyr's Knell           Necr/Summ      96%        N/A       1%          4
 Curse of Agony           Necr           100%       N/A       1%          5
 Anguish                  Hex/Necr       42%        N/A       2%          4
 Summon Ice Beast         Ice/Summ       38%        N/A       6%          3
 Apportation              Tloc           36%        N/A       8%          1
 Sandblast                Erth           36%        2d10      8%          1
 Jinxbite                 Hex            36%        N/A       11%         2
 Confusing Touch          Hex            18%        N/A       22%         3
 Hailstorm                Conj/Ice       18%        3d7       22%         3
 Ozocubu's Armour         Ice            18%        N/A       22%         3
 Passwall                 Erth           18%        N/A       22%         3
 Stone Arrow              Conj/Erth      36%        3d9       22%         3
 Volatile Blastmotes      Fire/Tloc      56%        2d14      22%         3
 Borgnjor's Revivificati  Necr           57%        N/A       45%         8
 Infestation              Necr           57%        N/A       45%         8
 Haunt                    Necr/Summ      48%        N/A       52%         7
 Brom's Barrelling Bould  Conj/Erth      18%        2d4       58%         4
 Vhi's Electric Charge    Tloc/Air       36%        N/A       58%         4
 Alistair's Intoxication  Alch           12%        N/A       90%         5
 Iskenderun's Battlesphe  Conj           18%        2d7       90%         5
 Bombard                  Conj/Erth      9%         9d2       100%        6
 Eringya's Noxious Bog    Alch           9%         4d6       100%        6
 Permafrost Eruption      Ice/Erth       9%         2x4d3     100%        6
 Sculpt Simulacrum        Ice/Alch       9%         N/A       100%        6
 Manifold Assault         Tloc           9%         N/A       100%        7
 Spellforged Servitor     Conj/Summ      19%        N/A       100%        7
 Death's Door             Necr           57%        N/A       100%        9


Dungeon Overview and Level Annotations

Branches:
Dungeon (14/15)            Temple (1/1) D:5            Lair (5/5) D:10
 Shoals (0/4) Lair:2       Spider (0/4) Lair:3        Slime (0/5) Lair:4
    Orc (0/2) D:11          IceCv (visited)
 Vaults: D:13-14

Altars:
Ashenzari
Cheibriados
Dithmenos
Fedhas
Gozag
Hepliaklqana
Kikubaaqudgha
Makhleb
Nemelex Xobeh
Okawaru
Qazlal
Ru
Sif Muna
Trog
Uskayaw
Vehumet
Wu Jian
Xom
Yredelemnul
Jiyva

Shops:
D:1 [   D:4 :   D:12 (

Annotations:
D:6 exclusion: door
D:14 1 transporter, Todem's ghost, journeyman HOFi
Lair:5 2 transporters, jasper's ghost, journeyman GrBe


Innate Abilities, Weirdness & Mutations

You have claws for hands.
You are mostly covered in yellow scales. (AC +3)
You sometimes gain a little power by taking damage.
You are robust. (+10% HP)
When hurt, damage is shared between your health and your magic reserves.
You regenerate magic rapidly.


Message History

You feel life coursing into your body.
The centaur warrior hits you with the +2 rapier "Kivi Tuff"!!
You focus on the pain.
You feel your power returning. The centaur warrior freezes you.
The centaur warrior kicks you. The centaur warrior closely misses you.
The centaur warrior kicks you.
Unknown command.
Casting: Vampiric Draining (safe; 1% risk of failure)
Confirm with . or Enter, or press ? or * to list all spells.
Aiming: Vampiric Draining (safe; 1% risk of failure)
Press: ? - help, Shift-Dir - straight line, f/p - centaur warrior
Aim: a centaur warrior, wielding the +2 rapier "Kivi Tuff" {freeze, *Rage rPois Will+ Str+5} and wearing a +2 robe of positive energy (heavily wounded, berserk)
You feel a strong surge of power!
You draw life force from the centaur warrior!
You feel life coursing into your body.
The centaur warrior hits you but does no damage.
The centaur warrior kicks you but does no damage.
The centaur warrior hits you with the +2 rapier "Kivi Tuff"!!
The centaur warrior freezes you. The centaur warrior barely misses you.
The centaur warrior hits you with the +2 rapier "Kivi Tuff"!
The centaur warrior freezes you. The centaur warrior kicks you.
Casting: Vampiric Draining (safe; 1% risk of failure)
Confirm with . or Enter, or press ? or * to list all spells.
Aiming: Vampiric Draining (safe; 1% risk of failure)
Press: ? - help, Shift-Dir - straight line, f/p - centaur warrior
Aim: a centaur warrior, wielding the +2 rapier "Kivi Tuff" {freeze, *Rage rPois Will+ Str+5} and wearing a +2 robe of positive energy (heavily wounded, berserk)
You feel a strong surge of power!
You draw life force from the centaur warrior!
You feel life coursing into your body.
The centaur warrior hits you with the +2 rapier "Kivi Tuff"!!
* * * LOW HITPOINT WARNING * * *
The centaur warrior freezes you.
* * * LOW HITPOINT WARNING * * *
The centaur warrior barely misses you.
The centaur warrior hits you with the +2 rapier "Kivi Tuff"!!
* * * LOW HITPOINT WARNING * * *
The centaur warrior freezes you.
* * * LOW HITPOINT WARNING * * *
The centaur warrior kicks you.
You die...
Kikubaaqudgha rasps: You have failed me!
Welcome... death!

.$ ##........ .. ..
##..#...... #.##
#######..##.###.. ...#
##.. ..##.....#... ...#
##..###..##......##
#..###.#.....#.##.....##
#..#...##.##...#......#
#.c#)#c#...#.#)#.......
#..##@..⌠...##)...)...
#..#.#.#.[.#.#)#.....##
#.c#...##.##...#.......
#..###.#.....#.##..)####
...# ##..###..##..#.#
...# ##..# .##......
#### #######...#...#
.......... ##..#......


You could see a centaur warrior (berserk).

Vanquished Creatures
  Jorgrun (D:13)
  A frost giant (IceCv)
  3 hydras
  3 catoblepae
  2 centaur warriors (D:13)
  3 boulder beetles
  5 two-headed ogres
  The ghost of hexenhour the Basher, a novice MDFi of Okawaru (D:8)
  6 death yaks
  The ghost of 601d51SH the Covert, a novice GnDe of Hepliaklqana (D:9)
  Nergalle (D:12)
  An arcanist (D:13)
  6 deep elf pyromancers
  An oklob plant (Lair:5)
  2 cyclopes
  3 manticores
  2 ugly things (D:13)
  3 elephants
  A merfolk siren (Lair:2)
  3 black mambas
  3 torpor snails
  8 cane toads
  An ice statue (IceCv)
  2 kobold demonologists
  2 gargoyles
  5 komodo dragons
  An efreet (D:13)
  An unseen horror (D:12)
  A freezing wraith (D:9)
  4 rime drakes
  5 trolls
  8 polar bears
  18 blink frogs
  6 slime creatures
  4 dream sheep (Lair:5)
  A vampire (D:11)
  2 shadows
  4 wyverns
  A wraith (D:13)
  38 yaks
  A basilisk (D:13)
  3 wargs (D:11)
  8 vampire mosquitoes
  2 acid dragons (D:11)
  10 water moccasins
  7 orc warriors
  2 black bears
  2 centaurs (D:9)
  32 wolves
  2 phantoms
  3 kobold brigands
  4 bullfrogs
  6 scorpions
  2 gnoll sergeants
  2 wights (D:10)
  4 killer bees (D:7)
  7 howler monkeys
  2 bombardier beetles
  4 hounds
  A jelly (D:6)
  3 orc priests
  6 iguanas
  Natasha (thrice) (D:3)
  11 orc wizards
  Terence (D:3)
  7 gnolls
  8 adders
  A shadow imp (D:7)
  A white imp (D:5)
  3 ribbon worms
  4 dart slugs
  26 orcs
  4 ball pythons
  4 endoplasms
  3 giant cockroaches
  6 goblins
  5 hobgoblins
  A quokka (D:1)
  6 bats
  3 frilled lizards
  14 kobolds
  3 rats
391 creatures vanquished.

Vanquished Creatures (collateral kills)
  2 hydras (Lair:5)
  A boulder beetle (D:13)
  A catoblepas (Lair:4)
  5 death yaks
  A skyshark (Lair:4)
  A lindwurm (Lair:5)
  A manticore (D:12)
  2 black mambas
  7 elephants
  4 cane toads
  2 gargoyles (D:13)
  A rime drake (IceCv)
  4 komodo dragons
  3 polar bears
  8 blink frogs
  6 dream sheep (Lair:5)
  26 yaks
  2 wyverns
  3 basilisks
  7 water moccasins
  12 wolves
  5 bullfrogs
  3 scorpions
  A wight (D:10)
  2 killer bees (D:7)
  2 howler monkeys (D:11)
  2 iguanas
  A gnoll (D:8)
  A ribbon worm (Lair:3)
  4 orcs
  A ball python (D:1)
  An endoplasm (D:1)
  2 kobolds (D:8)
124 creatures vanquished.

Vanquished Creatures (others)
  An ugly thing zombie (D:13)
  A frost giant zombie (IceCv)
  A centaur zombie (D:13)
  3 death yak zombies (Lair:5)
  2 polar bears (IceCv)
  A black mamba zombie (Lair:5)
  A two-headed ogre zombie (D:13)
  A human zombie (D:13)
  An acid dragon (D:13)
  4 cane toad zombies (Lair:5)
  14 blink frog zombies
  A manticore zombie (D:12)
  2 elf zombies (D:13)
  A wolf (IceCv)
  A torpor snail zombie (Lair:4)
  A rime drake zombie (Lair:5)
  2 komodo dragon zombies
  A wyvern zombie (Lair:3)
  A warg zombie (D:11)
  5 water moccasin zombies
  29 yak zombies
  5 polar bear zombies
  16 wolf zombies
  A bullfrog zombie (Lair:4)
  An orc wizard (D:9)
  5 killer bee zombies (D:7)
  An iguana zombie (D:7)
  3 gnoll zombies (D:8)
  11 kobold zombies
  14 orc zombies
131 creatures vanquished.

Grand Total: 646 creatures vanquished

Notes
Turn   | Place    | Note
-------+----------+-------------------------------------------
     0 | D:1      | TacoSundae the Demonspawn Necromancer began the quest for
                  | the Orb.
     0 | D:1      | Reached XP level 1. HP: 13/13 MP: 3/3
    12 | D:1      | Found Noeg's Antique Armour Emporium.
   232 | D:1      | Gained mutation: You have sharp fingernails. [demonic
                  | ancestry]
   232 | D:1      | Reached XP level 2. HP: 19/19 MP: 3/5
   625 | D:1      | Found a faded altar of an unknown god.
   949 | D:2      | Gained mutation: You are partially covered in yellow
                  | scales. (AC +2) [demonic ancestry]
   949 | D:2      | Reached XP level 3. HP: 24/24 MP: 2/6
   990 | D:1      | Learned a level 3 spell: Vampiric Draining
  1002 | D:2      | Reached skill level 5 in Necromancy
  1203 | D:2      | Found a snail-covered altar of Cheibriados.
  1797 | D:2      | Gained mutation: You regenerate magic rapidly. [demonic
                  | ancestry]
  1797 | D:2      | Reached XP level 4. HP: 27/30 MP: 8/8
  2146 | D:3      | Noticed Natasha
  2155 | D:3      | Killed Natasha
  2161 | D:3      | Learned a level 4 spell: Animate Dead
  2448 | D:3      | Noticed Terence
  2453 | D:3      | Killed Terence
  2454 | D:3      | Reached skill level 6 in Necromancy
  3004 | D:3      | Noticed Natasha
  3014 | D:3      | Killed Natasha
  3015 | D:3      | Gained mutation: You are mostly covered in yellow scales.
                  | (AC +3) [demonic ancestry]
  3015 | D:3      | Reached XP level 5. HP: 25/35 MP: 3/9
  3114 | D:3      | Noticed Natasha
  3120 | D:3      | Killed Natasha
  3532 | D:4      | Gained mutation: When hurt, damage is shared between your
                  | health and your magic reserves. [demonic ancestry]
  3532 | D:4      | Reached XP level 6. HP: 41/41 MP: 11/11
  3537 | D:4      | Learned a level 4 spell: Dispel Undead
  3645 | D:4      | Reached skill level 7 in Necromancy
  3910 | D:4      | Found Joemett's Book Shop.
  4024 | D:5      | Entered Level 5 of the Dungeon
  4104 | D:5      | Found a staircase to the Ecumenical Temple.
  4130 | Temple   | Entered the Ecumenical Temple
  4164 | Temple   | Became a worshipper of Kikubaaqudgha
  4394 | D:5      | Reached XP level 7. HP: 46/46 MP: 13/13
  4398 | D:5      | Reached skill level 8 in Necromancy
  4676 | D:5      | Found the amulet of Elemental Vulnerability {rPois rF--
                  | rC-- AC+8}
  4816 | D:6      | Reached skill level 5 in Spellcasting
  4816 | D:6      | Reached skill level 9 in Necromancy
  5123 | D:6      | Reached * piety under Kikubaaqudgha
  5123 | D:6      | Received a gift from Kikubaaqudgha
  5124 | D:6      | Reached XP level 8. HP: 38/52 MP: 14/15
  5315 | D:6      | Noticed a cyclops
  5322 | D:6      | Killed a cyclops
  5323 | D:6      | Reached skill level 10 in Necromancy
  5354 | D:6      | Identified the ring "Ziheluc" {+Blink rElec rPois}
  5364 | D:6      | Noticed a gargoyle
  5468 | D:7      | Reached skill level 1 in Fighting
  5468 | D:7      | Reached skill level 1 in Maces & Flails
  5569 | D:7      | Learned a level 2 spell: Sublimation of Blood
  5572 | D:7      | Learned a level 2 spell: Cigotuvi's Dreadful Rot
  5602 | D:7      | Noticed a two-headed ogre
  5613 | D:7      | Killed a two-headed ogre
  5614 | D:7      | Reached skill level 11 in Necromancy
  5614 | D:7      | Gained mutation: You have very sharp fingernails. [demonic
                  | ancestry]
  5614 | D:7      | Reached XP level 9. HP: 51/62 MP: 1/19
  5926 | D:7      | Found a shadowy altar of Dithmenos.
  6350 | D:8      | Reached skill level 1 in Shields
  6452 | D:8      | Found a runed translucent gate.
  6452 | D:8      | Found a runed translucent gate.
  6452 | D:8      | Found a runed translucent gate.
  6453 | D:8      | Noticed hexenhour's ghost (novice MDFi)
  6464 | D:8      | Killed hexenhour's ghost
  6464 | D:8      | Reached ** piety under Kikubaaqudgha
  6711 | D:8      | Identified 3 scrolls of acquirement
  6712 | D:8      | Acquired the staff of Destiny {rC+ rN+ Stlth+ Necro Fire}
  6729 | D:8      | Acquired 1016 gold pieces
  6732 | D:8      | Acquired an amulet of regeneration
  6770 | D:8      | Gained mutation: You have claws for hands. [demonic
                  | ancestry]
  6770 | D:8      | Reached XP level 10. HP: 71/73 MP: 21/21
  7085 | D:9      | Noticed a two-headed ogre
  7102 | D:9      | Killed a two-headed ogre
  7103 | D:9      | Reached skill level 1 in Staves
  7196 | D:9      | Reached skill level 5 in Fighting
  7197 | D:9      | Found a runed translucent gate.
  7199 | D:9      | Found a runed translucent gate.
  7199 | D:9      | Found a runed translucent gate.
  7200 | D:9      | Found an opulent altar of Gozag.
  7204 | D:9      | Noticed 601d51SH's ghost (novice GnDe)
  7216 | D:9      | Reached skill level 12 in Necromancy
  7245 | D:9      | Killed 601d51SH's ghost
  7379 | D:9      | Noticed a two-headed ogre
  7387 | D:9      | Killed a two-headed ogre
  8120 | D:10     | Entered Level 10 of the Dungeon
  8168 | D:10     | Found a staircase to the Lair.
  8253 | D:10     | Found a sacrificial altar of Ru.
  8401 | D:10     | Reached skill level 1 in Evocations
  8401 | D:10     | Gained mutation: You sometimes gain a little power by
                  | taking damage. [demonic ancestry]
  8401 | D:10     | Reached XP level 11. HP: 73/81 MP: 11/23
  8403 | D:10     | Reached *** piety under Kikubaaqudgha
  8403 | D:10     | Received a gift from Kikubaaqudgha
  8420 | D:10     | Learned a level 6 spell: Death Channel
  8810 | D:11     | Identified the ring of Watasmay {Dex+2 SInv}
  8941 | D:11     | Found a staircase to the Orcish Mines.
  9630 | D:11     | Noticed a two-headed ogre
  9639 | D:11     | Killed a two-headed ogre
 10234 | Lair:1   | Entered Level 1 of the Lair of Beasts
 10243 | Lair:1   | Reached skill level 1 in Armour
 10267 | Lair:1   | Noticed a death yak
 10268 | Lair:1   | Noticed a death yak
 10271 | Lair:1   | Noticed a death yak
 10278 | Lair:1   | Noticed a death yak
 10286 | Lair:1   | Noticed a death yak
 10287 | Lair:1   | Killed a death yak
 10288 | Lair:1   | Reached skill level 13 in Necromancy
 10309 | Lair:1   | Killed a death yak
 10323 | Lair:1   | Killed a death yak
 10328 | Lair:1   | You fall into a shaft and drop 1 floor!
 10409 | Lair:2   | Reached skill level 5 in Staves
 10442 | Lair:2   | Noticed a boulder beetle
 10509 | Lair:2   | Killed a boulder beetle
 10533 | Lair:2   | Reached **** piety under Kikubaaqudgha
 10607 | Lair:1   | Reached XP level 12. HP: 84/88 MP: 16/25
 10650 | Lair:1   | Killed a death yak
 10658 | Lair:1   | Killed a death yak
 10806 | Lair:1   | Reached skill level 5 in Evocations
 11927 | Lair:2   | Noticed a boulder beetle
 11949 | Lair:2   | Killed a boulder beetle
 11983 | Lair:2   | Reached skill level 10 in Spellcasting
 11999 | Lair:2   | Found a staircase to the Shoals.
 12194 | Lair:2   | Reached skill level 14 in Necromancy
 12250 | Lair:3   | Reached skill level 5 in Armour
 12278 | Lair:3   | Found a frozen archway.
 12287 | Lair:3   | Learned a level 5 spell: Borgnjor's Vile Clutch
 12337 | Lair:3   | Reached ***** piety under Kikubaaqudgha
 12357 | Lair:3   | Reached XP level 13. HP: 92/93 MP: 27/27
 12394 | IceCv    | Entered an ice cave
 12956 | IceCv    | Noticed a frost giant
 13043 | IceCv    | Killed a frost giant
 13366 | Lair:3   | Reached skill level 15 in Necromancy
 13524 | Lair:3   | Found a hole to the Spider Nest.
 13965 | Lair:4   | Reached ****** piety under Kikubaaqudgha
 13970 | Lair:4   | Received a gift from Kikubaaqudgha (forbidden knowledge)
 14017 | Lair:4   | Reached skill level 1 in Summonings
 14017 | Lair:4   | Reached XP level 14. HP: 89/100 MP: 26/28
 14261 | Lair:4   | Found a viscous altar of Jiyva.
 14261 | Lair:4   | Found a staircase to the Slime Pits.
 14500 | Lair:5   | Entered Level 5 of the Lair of Beasts
 15058 | Lair:5   | Reached skill level 16 in Necromancy
 15218 | Lair:5   | Found a transporter.
 15222 | Lair:5   | Noticed jasper's ghost (journeyman GrBe)
 15250 | Lair:5   | Found a transporter.
 15926 | D:12     | Found Yfodisosh's Weapon Emporium.
 16198 | D:12     | Found a bloodstained altar of Trog.
 16460 | D:12     | Noticed Nergalle
 16472 | D:12     | Killed Nergalle
 16571 | D:12     | Reached skill level 5 in Summonings
 16938 | D:13     | Noticed Jorgrun
 16948 | D:13     | Killed Jorgrun
 16977 | D:13     | You fall into a shaft and drop 1 floor!
 16993 | D:14     | Found a transporter.
 16995 | D:14     | Noticed Todem's ghost (journeyman HOFi)
 17005 | D:14     | Gained mutation: You are robust. (+10% HP) [demonic
                  | ancestry]
 17005 | D:14     | Reached XP level 15. HP: 100/115 MP: 18/30
 17153 | D:13     | Identified the +9 war axe of Precise Incision {drain,
                  | Dex+3}
 17377 | D:13     | Identified the +0 robe "Wuckesol" {rElec rCorr Archmagi}
 17491 | D:13     | Identified the +2 rapier "Kivi Tuff" {freeze, *Rage rPois
                  | Will+ Str+5}
 17609 | D:13     | HP: 5/115 [centaur warrior/the +2 rapier "Kivi Tuff"
                  | {freeze, *Rage rPois Will+ Str+5} (14)]
 17609 | D:13     | Slain by a centaur warrior

Illustrated notes

Levels and vault maps discovered:
D:1:      psy_arrival_terrarium, layout_rooms, basic_ecumenical_altar,
          serial_shops, shop
D:2:      layout_loops_ring, basic_altar, kennysheep_generic_room_15
D:3:      layout_basic, minmay_misc_feat_roman, minmay_crystal_room,
          uniq_terence, uniq_natasha
D:4:      layout_loops_ring, serial_shops, nicolae_shop_trees,
          reono_crystal_passage
D:5:      layout_basic, temple_fountains, wad_rectangle_vault
D:6:      layout_rooms, minmay_three_doors
D:7:      layout_gridville, mainiacjoe_overflow_brackets
D:8:      layout_loops_ring, ebering_ghost_rock_garden
D:9:      layout_roguey, ebering_ghost_gozag
D:10:     layout_irregular_city, kennysheep_little_box, lair_entry_dummy,
          minivault_26
D:11:     layout_layer_cave, david_orc_1_choice, nicolae_elevator_lobby_plus
D:12:     layout_irregular_city, serial_shops,
          nicolae_shop_bloodbath_and_beyond, moated_statue, trog_butcher_becter,
          uniq_nergalle
D:13:     minmay_the_grid_octo_2x2 [minmay_the_grid_octo_focus,
          minmay_the_grid_octo_chip, minmay_the_grid_octo_clover_2,
          minmay_the_grid_octo_prize_star], layout_rooms,
          hangedman_decor_opposing, uniq_jorgrun
D:14:     layout_irregular_city, grunt_vaults_entry_tiered,
          hangedman_abyss_or_decor_jellyfish_corner, gammafunk_ghost_mausoleum,
          minmay_misc_feat_more_columns, uniq_azrael
Temple:   mainiacjoe_temple_cubbyholes
Lair:1:   layout_chaotic_city, minmay_hedge_maze, serial_bayou_shore_a,
          infiniplex_staircase_pool_2, lemuel_fruit_tree, grunt_megastairs_3
Lair:2:   layout_regular_city, minmay_shoals_entry_lonely_mermaid,
          lemuel_fruit_fields
Lair:3:   layout_concentric_octagons, nicolae_spider_entry_non_spiders,
          portal_ice_cave_entry_pillars_1, hangedman_lair_generics_rect
Lair:4:   layout_misc_corridors, dpeg_slime_entry_enclosed
Lair:5:   hangedman_lair_in_review, layout_hall_layers,
          gammafunk_ghost_berserking_beasts, nicolae_lair_grove_arrangements,
          chequers_serial_rivers_micro_d, grunt_forest_small_clearing_treed

Skill      XL: |  1  2  3  4  5  6  7  8  9 10 11 12 13 14 |
---------------+-------------------------------------------+-----
Stealth        | 2 |  2.0
Necromancy     | 5 6 7 9 11 12 13 14 15 16 | 16.7
Spellcasting   | 3 4 5 6 7 8 9 10 11 | 11.4
Fighting       | 2 4 6 |  6.0
Maces & Flails | 2 3 |  3.1
Shields        | 2 4 |  4.7
Staves         | 3 5 7 9 |  9.7
Evocations     | 1 4 6 8 |  8.0
Armour         | 3 5 7 9 |  9.6
Summonings     | 1 5 |  5.9
Dodging        | |  1.9

Action                     |  1- 3 |  4- 6 |  7- 9 | 10-12 | 13-15 || total
---------------------------+-------+-------+-------+-------+-------++-------
  Melee: Unarmed           |    36 |     9 |       |       |       ||    45
         Whip              |       |       |    51 |    33 |       ||    84
         Staff             |       |       |       |   103 |   398 ||   501
   Cast: Necrotise         |    86 |   115 |    76 |    43 |    20 ||   340
         Vampiric Draining |     1 |       |    49 |   218 |   276 ||   544
         Animate Dead      |       |     1 |     4 |    16 |    21 ||    42
         Dispel Undead     |       |       |     6 |    10 |     8 ||    24
         Cigotuvi's Dreadf |       |       |     1 |     2 |     1 ||     4
         Borgnjor's Vile C |       |       |       |       |    15 ||    15
         Death Channel     |       |       |       |       |     7 ||     7
 Invoke: Receive Forbidden |       |       |       |       |     1 ||     1
  Evoke: Wand              |       |       |     3 |       |     4 ||     7
    Use: Scroll            |     7 |     4 |     5 |     5 |     4 ||    25
         Potion            |       |     5 |       |       |     1 ||     6
   Stab: Distracted        |       |       |     2 |       |     6 ||     8
         Sleeping          |       |       |       |       |     4 ||     4
 Armour: Robe              |    70 |    29 |   101 |   126 |    38 ||   364
         Acid dragon scale |       |       |       |   174 |   558 ||   732
  Dodge: Dodged            |    61 |    20 |    77 |   175 |   289 ||   622
  Block: Buckler           |       |       |    22 |    70 |   138 ||   230

Table legend: (Time is in decaauts)
 A = Elapsed time spent in this place.
 B = Non-inter-level travel time spent in this place.
 C = Inter-level travel time spent in this place.
 D = Time resting spent in this place.
 E = Time spent auto-exploring this place.
 F = Levels seen in this place.
 G = Mean time per level.
                   A        B        C        D        E       F      G
               +--------+--------+--------+--------+--------+-----+--------+
         Total |  17597 |  16777 |    820 |    984 |   8284 |  21 |  838.0 |
       Dungeon |  11895 |  11363 |    532 |    869 |   6273 |  14 |  849.6 |
        Temple |     64 |     38 |     26 |      0 |      0 |   1 |   64.0 |
          Lair |   4821 |   4559 |    262 |     46 |   1977 |   5 |  964.2 |
      Ice Cave |    816 |    816 |      0 |     69 |     32 |   1 |  816.0 |
               +--------+--------+--------+--------+--------+-----+--------+

Top non-repeatable levels by time:
    D:11: 1568 daAuts
  Lair:5: 1242 daAuts
  Lair:2: 1118 daAuts
     D:9: 1100 daAuts
     D:3: 1089 daAuts
     D:2: 1077 daAuts
     D:1: 1014 daAuts
  Lair:1: 918 daAuts
     D:7: 848 daAuts
     D:4: 840 daAuts
    D:12: 836 daAuts
  Lair:3: 819 daAuts
   IceCv: 816 daAuts
    D:10: 777 daAuts
  Lair:4: 722 daAuts
